 Dungeon Crawl Stone Soup version 0.32-a0-22-g6ae6769602 (webtiles) character file.

Game seed: 3092754316716498779

57 IdlyInterested the Cutter (level 3, -6/27 HPs)
             Began as a Demonspawn Gladiator on Jan 18, 2024.
             Killed by nerve-wracking pain
             ... invoked by Grinder
              (14 damage)
             ... on level 3 of the Dungeon.
             The game lasted 00:06:28 (1763 turns).

IdlyInterested the Cutter (Demonspawn Gladiator)    Turns: 1763, Time: 00:06:29

Health: -6/27      AC: 11    Str: 16    XL:     3   Next: 73%
Magic:  0/3        EV:  6    Int:  8    God:
Gold:   166        SH: 15    Dex: 14    Spells: 2/2 levels left

rFire   . . .        f - +0 short sword
rCold   . . .        k - +0 tower shield
rNeg    . . .        n - +0 scale mail
rPois   .            c - +0 helmet
rElec   .            (no cloak)
rCorr   .            (no gloves)
SInv    .            (no boots)
Will    .....        m - amulet of Hijesaef {Spirit Slay+2} Stlth
                     s - +4 ring of protection
HPRegen 0.24/turn    (no ring)
MPRegen 0.08/turn

%: guardian spirit
@: no status effects
A: condensation shield
a: no special abilities


You were on level 3 of the Dungeon.
You visited 1 branch of the dungeon, and saw 3 of its levels.

You collected 166 gold pieces.

Inventory:

Hand Weapons
 a - a +0 rapier
 f - a +0 short sword (weapon)
Missiles
 b - 3 boomerangs
 d - 3 throwing nets
 e - 4 javelins
 j - 5 poisoned darts (quivered)
 q - 7 stones
Armour
 c - a +0 helmet (worn)
 k - a +0 tower shield (worn)
 n - a +0 scale mail (worn)
 r - a scarf of harm
Jewellery
 g - an amulet of magic regeneration
 m - the amulet of Hijesaef (around neck) {Spirit Slay+2}
   (You found it on level 2 of the Dungeon)

   [amulet of guardian spirit]

   Spirit:    It causes incoming damage to be divided between your reserves of
   health and magic.
   Slay+2:    It affects your accuracy & damage with ranged weapons and melee
   (+2).
 s - a +4 ring of protection (left hand)
Scrolls
 h - a scroll of identify
 i - 2 scrolls of revelation
 p - a scroll of summoning
Potions
 l - a potion of heal wounds {unknown}
 o - a potion of lignification {unknown}


   Skills:
 - Level 2.0 Fighting
 * Level 3.8 Short Blades
 - Level 1.7 Throwing
 - Level 1.0 Armour
 - Level 2.6 Dodging
 - Level 1.0 Stealth
 + Level 0.4 Evocations


You had 2 spell levels left.
You didn't know any spells.
Your spell library was empty.

Dungeon Overview and Level Annotations

Branches:
Dungeon (3/15)

Altars:
Uskayaw

Annotations:
D:3 Grinder


Innate Abilities, Weirdness & Mutations

A meltable shield of frost defends you. (SH +4)


Message History

You kill the hobgoblin!
Grinder hits you but does no damage.
You see here a hobgoblin corpse.
You hit Grinder.
Grinder is lightly wounded.
You block Grinder's attack.
You hit Grinder but do no damage.
Grinder is lightly wounded.
Grinder gestures at you. Pain shoots through your body!
You closely miss Grinder.
Grinder is lightly wounded.
You block Grinder's attack.
You hit Grinder.
Grinder is lightly wounded.
Grinder hits you but does no damage. You block Grinder's attack.
You hit Grinder.
Grinder is lightly wounded.
Grinder says, "Tell me all your secrets, or I'll kill you."
You block Grinder's attack.
You hit Grinder.
Grinder is moderately wounded.
Grinder closely misses you.
You hit Grinder but do no damage.
Grinder is lightly wounded.
Grinder gestures at you. Pain shoots through your body!
* * * LOW HITPOINT WARNING * * *
You hit Grinder but do no damage.
Grinder is lightly wounded.
You block Grinder's attack.
You hit Grinder.
Grinder is lightly wounded.
Grinder says, "Tell me all your secrets, or I'll kill you."
Grinder barely misses you. Grinder gestures at you.
Pain shoots through your body!
Ouch! That really hurt!
You die...
Grinder says, "Now the real fun starts!"

#...................
#...................
.>...####........)..
##.# ##..........
##.........
##..###### #..#
###..# #.@..#
#..5##.# #.#. .# ..
#. ## ## .. #. .. ..


You could see Grinder.

Vanquished Creatures
  An adder (D:2)
  2 dart slugs (D:1)
  3 ball pythons (D:2)
  4 bats
  5 endoplasms
  6 hobgoblins
  4 jackals (D:2)
  4 quokkas
  4 frilled lizards
  4 kobolds
  4 rats
41 creatures vanquished.

Notes
Turn   | Place    | Note
-------+----------+-------------------------------------------
     0 | D:1      | IdlyInterested the Demonspawn Gladiator began the quest for
                  | the Orb.
     0 | D:1      | Reached XP level 1. HP: 16/16 MP: 1/1
   113 | D:1      | Reached skill level 3 in Short Blades
   120 | D:1      | Gained mutation: A meltable shield of frost defends you.
                  | (SH +4) [demonic ancestry]
   120 | D:1      | Reached XP level 2. HP: 17/22 MP: 2/2
   427 | D:1      | Reached skill level 1 in Armour
   705 | D:2      | Found a hide-covered altar of Uskayaw.
   750 | D:2      | Identified the amulet of Hijesaef {Spirit Slay+2}
   844 | D:2      | Reached XP level 3. HP: 27/27 MP: 3/3
  1158 | D:2      | Reached skill level 1 in Stealth
  1752 | D:3      | Noticed Grinder
  1763 | D:3      | Killed from afar by Grinder

Illustrated notes

Levels and vault maps discovered:
D:1:      lemuel_arrival_room, layout_basic
D:2:      layout_basic, basic_altar, corexii_leaking_fountain,
          minmay_misc_feat_ornament, st_stairs_1, minmay_hedge_maze,
          nrook_mini_vaults
D:3:      layout_rooms, lemuel_tele_altar, mainiacjoe_overflow_divided_tiny,
          uniq_ijyb, uniq_grinder, uniq_jessica, uniq_natasha, uniq_terence

Skill      XL: |  1  2  3 |
---------------+----------+-----
Short Blades   | 3 |  3.8
Armour         | 1 |  1.0
Stealth        | 1 |  1.0
Fighting       | |  2.0
Throwing       | |  1.7
Dodging        | |  2.6
Evocations     | |  0.4

Action                     || total
---------------------------++-------
  Melee: Rapier            ||    38
         Short sword       ||   134
    Use: Scroll            ||     2
 Armour: Leather armour    ||    39
         Scale mail        ||    24
  Dodge: Dodged            ||    80
  Block: Other             ||    11
         Tower shield      ||    44

Table legend: (Time is in decaauts)
 A = Elapsed time spent in this place.
 B = Non-inter-level travel time spent in this place.
 C = Inter-level travel time spent in this place.
 D = Time resting spent in this place.
 E = Time spent auto-exploring this place.
 F = Levels seen in this place.
 G = Mean time per level.
                   A        B        C        D        E       F      G
               +--------+--------+--------+--------+--------+-----+--------+
         Total |   1768 |   1705 |     63 |     12 |   1244 |   3 |  589.3 |
       Dungeon |   1768 |   1705 |     63 |     12 |   1244 |   3 |  589.3 |
               +--------+--------+--------+--------+--------+-----+--------+

Top non-repeatable levels by time:
     D:2: 992 daAuts
     D:1: 699 daAuts
     D:3: 76 daAuts
